Description

Alarak has some of the most powerful units in the game, Ascendants. When fully powered up they can clear entire attack waves with ease. Just spam orb and watch the enemy disapear. This combined with a really powerful Hero and you can take on anything. The hardest part about Alarak is his mobility, his entire army is very slow. You need to know attack waves and the map to get the most out of Alarak. The second thing that Ascendants suffer from is lack of DPS against buildings so if you are up against anything objective that require buildings to be destroyed think about adding Wrath walkers.

VOD

https://youtu.be/g4y94Jmar9Y

Replay - Best Build Order Alarak [Easy Expo]

Build Order

Get SALT Encoding   

  12  0:02  Probe (Chrono Boost)  
  13  0:16  Probe (Chrono Boost)  
  14  0:32  Probe (Chrono Boost)  
  14  0:35  Pylon  
  15  0:59  Probe (Chrono Boost)  
  15  1:01  Gateway  
  16  1:13  Probe (Chrono Boost)  
  17  1:27  Probe (Chrono Boost)  
  18  1:41  Probe (Chrono Boost)  
  19  1:54  Nexus  
  19  2:03  Probe (Chrono Boost)  
  19  2:04  Assimilator  
  20  2:11  Assimilator  
  20  2:17  Probe (Chrono Boost)  
  21  2:25  Pylon  
  21  2:31  Probe (Chrono Boost)  
  23  2:51  Cybernetics Core  
  26  3:39  Warp Gate  
  27  3:45  Death Council  
  30  4:03  Assimilator  
  31  4:15  Assimilator  
  33  4:38  Ascendant Archives  
  37  5:09  Pylon  
  42  5:35  Power Overwhelming  
  45  5:52  Pylon x2  
  46  6:02  Ascendant  
  50  6:32  Gateway x2  
  50  6:34  Chaotic Attunement  
  50  6:38  Gateway x2  
  52  6:48  Cloaking Module  
  52  7:08  Gateway x3  
  52  7:14  Forge  
  52  7:35  Ascendant  
  54  7:51  Telekinesis  
  54  7:53  Mind Blast  
  54  8:10  Supplicant x8  
  70  8:41  Ascendant x6  
  80  9:04  Supplicant x2, Imposing Presence  
  88  9:10  Mothership  
  88  9:14  Soul Augmentation  
Spawning Tool Build Advisor. Get it on Overwolf

Go to:

Details

  • Created by: hunter      
  • Published on: Jul 18, 2018
  • Patch: 4.0.0
  • Difficulty: Easy
Show
View Real Time Build Order
Export as new Build Order

Comments (0)

There are no comments. Be the first!

Create an account to comment!